[ PARTIDA AOE2 · #495374325 ]
UnrankedTeutones vs Burgundians
Equipo del jugador · DERR
Equipo rival · VICT
[ ANÁLISIS DE REPETICIÓN · EXTRAÍDO DE LA PARTIDA GRABADA ]
Feudal
8:41
Castillos
—
Imperial
—
| APM promedio | 55.5 |
| APM pico | 101 |
| eAPM promedio | 30.1 |
| Aldeanos / militares | 56 / 0 |
Foco
⚔️ 30.1% · 🌾 69.9%
Feudal
9:27
Castillos
—
Imperial
—
| APM promedio | 39.5 |
| APM pico | 100 |
| eAPM promedio | 19.0 |
| Aldeanos / militares | 71 / 17 |
Foco
⚔️ 27.7% · 🌾 72.3%
Archer ×15 · Spearman ×1 · Flemish Militia ×1
Mapa de la partida
Recursos iniciales + cada clic de construcción. Líneas = muros · curvas = relieve. ◆ oro · ⬟ piedra · ● bayas · ✦ reliquia · ◌ hueco del cierre
Tu base· Abierta — flanco sin cerrar
Base de Maverick_Taha· Abierta — flanco sin cerrar
Terreno inicial suavizado · ◌ = hueco del cierre detectado · pasá el cursor para detalles
Inputs por minuto
— HR FabiaN - - Maverick_Taha
Build order — HR FabiaN
118 acciones detectadas en el replay
| 0:00 | Encolar | Villager (Male) |
| 0:01 | Encolar | Villager (Male) |
| 0:03 | Construir | House |
| 0:04 | Construir | House |
| 0:07 | Encolar | Villager (Male) |
| 0:07 | Encolar | Villager (Male) |
| 1:27 | Encolar | Villager (Male) |
| 1:59 | Encolar | Villager (Male) |
| 1:59 | Encolar | Villager (Male) |
| 2:19 | Construir | Mill |
| 2:24 | Encolar | Villager (Male) |
| 2:51 | Encolar | Villager (Male) |
| 3:12 | Encolar | Villager (Male) |
| 3:24 | Encolar | Villager (Male) |
| 3:25 | Encolar | Villager (Male) |
| 3:55 | Encolar | Villager (Male) |
| 3:56 | Encolar | Villager (Male) |
| 3:56 | Encolar | Villager (Male) |
| 4:25 | Construir | Lumber Camp |
| 4:27 | Encolar | Villager (Male) |
| 4:27 | Encolar | Villager (Male) |
| 4:29 | Encolar | Villager (Male) |
| 4:39 | Investigar | Loom |
| 4:39 | Investigar | Loom |
| 5:01 | Encolar | Villager (Male) |
| 5:23 | Construir | House |
| 6:00 | Encolar | Villager (Male) |
| 6:26 | Investigar | Feudal Age |
| 7:32 | Construir | Mining Camp |
| 7:56 | Construir | Palisade Wall |
| 8:15 | Encolar | Villager (Male) |
| 8:23 | Construir | House |
| 8:29 | Encolar | Villager (Male) |
| 8:41 | Edad | Edad Feudal |
| 8:43 | Construir | Watch Tower |
| 8:49 | Encolar | Villager (Male) |
| 9:19 | Construir | Watch Tower |
| 9:26 | Construir | Palisade Wall |
| 9:26 | Construir | Palisade Wall |
| 9:26 | Construir | Palisade Wall |
| 9:27 | Construir | Palisade Wall |
| 9:27 | Construir | Palisade Wall |
| 9:27 | Construir | Palisade Wall |
| 9:50 | Encolar | Villager (Male) |
| 9:51 | Encolar | Villager (Male) |
| 10:35 | Encolar | Villager (Male) |
| 10:43 | Construir | Palisade Wall |
| 10:43 | Construir | House |
| 10:57 | Construir | House |
| 11:02 | Construir | House |
| 11:21 | Encolar | Villager (Male) |
| 11:21 | Encolar | Villager (Male) |
| 11:28 | Construir | Barracks |
| 11:43 | Construir | Watch Tower |
| 11:51 | Construir | Palisade Wall |
| 11:53 | Encolar | Villager (Male) |
| 11:58 | Construir | Palisade Wall |
| 12:17 | Construir | Watch Tower |
| 12:21 | Construir | Palisade Wall |
| 12:27 | Construir | Palisade Wall |
| 12:48 | Construir | Outpost |
| 12:51 | Encolar | Villager (Male) |
| 12:51 | Encolar | Villager (Male) |
| 13:07 | Construir | House |
| 13:07 | Encolar | Villager (Male) |
| 13:08 | Encolar | Villager (Male) |
| 13:20 | Construir | Watch Tower |
| 13:41 | Encolar | Villager (Male) |
| 13:41 | Encolar | Villager (Male) |
| 13:47 | Construir | Mill |
| 14:24 | Construir | Watch Tower |
| 14:29 | Encolar | Villager (Male) |
| 14:31 | Construir | House |
| 14:37 | Construir | Outpost |
| 14:49 | Encolar | Villager (Male) |
| 14:49 | Encolar | Villager (Male) |
| 15:08 | Construir | House |
| 15:23 | Encolar | Villager (Male) |
| 16:07 | Construir | Mill |
| 16:30 | Encolar | Villager (Male) |
| 16:30 | Encolar | Villager (Male) |
| 17:14 | Encolar | Villager (Male) |
| 17:14 | Encolar | Villager (Male) |
| 17:31 | Construir | Farm |
| 17:32 | Construir | Farm |
| 17:32 | Encolar | Villager (Male) |
| 17:32 | Encolar | Villager (Male) |
| 17:47 | Construir | Blacksmith |
| 18:07 | Encolar | Villager (Male) |
| 18:07 | Encolar | Villager (Male) |
| 18:45 | Investigar | Fletching |
| 18:45 | Investigar | Fletching |
| 18:45 | Investigar | Fletching |
| 18:45 | Investigar | Fletching |
| 18:45 | Investigar | Fletching |
| 18:45 | Investigar | Fletching |
| 18:45 | Investigar | Fletching |
| 18:45 | Investigar | Fletching |
| 18:45 | Investigar | Fletching |
| 18:50 | Construir | Stone Wall |
| 19:33 | Construir | Farm |
| 19:34 | Construir | Farm |
| 19:34 | Construir | Farm |
| 19:59 | Encolar | Villager (Male) |
| 19:59 | Encolar | Villager (Male) |
| 20:35 | Construir | Farm |
| 20:43 | Construir | Watch Tower |
| 21:08 | Encolar | Villager (Male) |
| 21:16 | Encolar | Villager (Male) |
| 21:16 | Encolar | Villager (Male) |
| 21:49 | Encolar | Villager (Male) |
| 21:49 | Encolar | Villager (Male) |
| 21:50 | Encolar | Villager (Male) |
| 21:51 | Construir | Farm |
| 22:09 | Construir | Farm |
| 22:35 | Encolar | Villager (Male) |
| 22:39 | Construir | Farm |
| 22:45 | Construir | Archery Range |
Build order — Maverick_Taha
137 acciones detectadas en el replay
| 0:00 | Encolar | Villager (Male) |
| 0:01 | Encolar | Villager (Male) |
| 0:01 | Encolar | Villager (Male) |
| 0:02 | Construir | House |
| 0:04 | Construir | House |
| 0:19 | Encolar | Villager (Male) |
| 0:19 | Encolar | Villager (Male) |
| 1:29 | Encolar | Villager (Male) |
| 1:30 | Encolar | Villager (Male) |
| 2:00 | Encolar | Villager (Male) |
| 2:00 | Encolar | Villager (Male) |
| 2:17 | Encolar | Villager (Male) |
| 2:18 | Encolar | Villager (Male) |
| 2:34 | Construir | Lumber Camp |
| 2:52 | Encolar | Villager (Male) |
| 2:52 | Encolar | Villager (Male) |
| 3:20 | Investigar | Double-Bit Axe |
| 3:20 | Encolar | Villager (Male) |
| 3:21 | Encolar | Villager (Male) |
| 3:42 | Encolar | Villager (Male) |
| 3:43 | Encolar | Villager (Male) |
| 3:45 | Construir | House |
| 4:06 | Encolar | Villager (Male) |
| 4:07 | Encolar | Villager (Male) |
| 4:39 | Encolar | Villager (Male) |
| 4:39 | Encolar | Villager (Male) |
| 4:58 | Construir | Mill |
| 5:31 | Encolar | Villager (Male) |
| 5:31 | Encolar | Villager (Male) |
| 6:23 | Investigar | Loom |
| 6:52 | Encolar | Villager (Male) |
| 7:15 | Investigar | Feudal Age |
| 7:40 | Construir | House |
| 8:22 | Construir | Barracks |
| 9:17 | Construir | House |
| 9:27 | Edad | Edad Feudal |
| 9:30 | Construir | Archery Range |
| 9:32 | Encolar | Villager (Male) |
| 9:32 | Encolar | Villager (Male) |
| 9:32 | Encolar | Villager (Male) |
| 9:32 | Encolar | Villager (Male) |
| 9:40 | Encolar | Spearman |
| 9:43 | Encolar | Flemish Militia |
| 9:45 | Encolar | Villager (Male) |
| 9:47 | Construir | Mining Camp |
| 10:15 | Encolar | Villager (Male) |
| 10:15 | Encolar | Villager (Male) |
| 10:18 | Encolar | Archer |
| 10:18 | Encolar | Archer |
| 10:26 | Construir | House |
| 10:34 | Construir | House |
| 10:34 | Construir | House |
| 11:11 | Construir | Farm |
| 11:23 | Encolar | Archer |
| 11:23 | Encolar | Archer |
| 11:43 | Construir | Lumber Camp |
| 12:27 | Construir | Farm |
| 12:29 | Construir | Farm |
| 12:30 | Construir | Farm |
| 12:33 | Encolar | Villager (Male) |
| 12:33 | Encolar | Villager (Male) |
| 12:44 | Encolar | Villager (Male) |
| 12:44 | Encolar | Villager (Male) |
| 12:55 | Construir | Farm |
| 13:03 | Encolar | Villager (Male) |
| 13:03 | Encolar | Villager (Male) |
| 13:09 | Encolar | Villager (Male) |
| 13:27 | Construir | Watch Tower |
| 13:33 | Encolar | Archer |
| 13:34 | Encolar | Archer |
| 13:45 | Construir | Mining Camp |
| 14:03 | Encolar | Villager (Male) |
| 14:03 | Encolar | Villager (Male) |
| 14:42 | Encolar | Villager (Male) |
| 14:42 | Encolar | Villager (Male) |
| 14:58 | Encolar | Villager (Male) |
| 14:58 | Encolar | Villager (Male) |
| 15:33 | Construir | Watch Tower |
| 15:45 | Construir | Blacksmith |
| 15:48 | Encolar | Villager (Male) |
| 15:48 | Encolar | Villager (Male) |
| 16:05 | Encolar | Villager (Male) |
| 16:06 | Encolar | Villager (Male) |
| 16:12 | Construir | Farm |
| 16:16 | Encolar | Archer |
| 16:28 | Investigar | Fletching |
| 16:28 | Investigar | Fletching |
| 16:30 | Construir | House |
| 16:30 | Construir | House |
| 16:40 | Construir | Farm |
| 16:48 | Construir | Market |
| 17:00 | Encolar | Archer |
| 17:03 | Encolar | Villager (Male) |
| 17:14 | Construir | Farm |
| 17:14 | Construir | Farm |
| 17:47 | Encolar | Villager (Male) |
| 17:48 | Encolar | Villager (Male) |
| 18:17 | Encolar | Villager (Male) |
| 18:18 | Encolar | Villager (Male) |
| 18:27 | Encolar | Villager (Male) |
| 18:27 | Encolar | Villager (Male) |
| 18:29 | Construir | Mining Camp |
| 18:34 | Construir | Farm |
| 18:47 | Construir | Watch Tower |
| 18:52 | Encolar | Villager (Male) |
| 18:52 | Encolar | Villager (Male) |
| 18:54 | Encolar | Archer |
| 18:54 | Encolar | Archer |
| 19:26 | Encolar | Villager (Male) |
| 19:27 | Encolar | Villager (Male) |
| 19:27 | Encolar | Villager (Male) |
| 19:34 | Encolar | Archer |
| 19:34 | Encolar | Archer |
| 19:54 | Encolar | Villager (Male) |
| 19:54 | Encolar | Villager (Male) |
| 20:25 | Encolar | Villager (Male) |
| 20:25 | Encolar | Villager (Male) |
| 20:54 | Construir | House |
| 20:54 | Construir | House |
| 21:06 | Construir | Farm |
| 21:07 | Construir | House |
| 21:07 | Construir | House |
| 21:08 | Encolar | Villager (Male) |
| 21:09 | Encolar | Villager (Male) |
| 21:23 | Construir | Farm |
| 21:23 | Construir | Farm |
| 21:42 | Encolar | Archer |
| 21:42 | Encolar | Archer |
| 21:42 | Encolar | Archer |
| 21:54 | Encolar | Villager (Male) |
| 21:54 | Encolar | Villager (Male) |
| 22:14 | Construir | Farm |
| 22:32 | Encolar | Villager (Male) |
| 22:32 | Encolar | Villager (Male) |
| 22:32 | Encolar | Villager (Male) |
| 22:35 | Construir | Farm |
| 22:36 | Construir | Farm |
Cronología de la partida
| 7:56 | HR FabiaN · wall_segment Palisade Wall x1 |
| 8:22 | Maverick_Taha · first_building Barracks |
| 8:41 | HR FabiaN · age_up feudal |
| 9:26 | HR FabiaN · wall_segment Palisade Wall x1 |
| 9:26 | HR FabiaN · wall_segment Palisade Wall x1 |
| 9:26 | HR FabiaN · wall_segment Palisade Wall x2 |
| 9:27 | Maverick_Taha · age_up feudal |
| 9:27 | HR FabiaN · wall_segment Palisade Wall x2 |
| 9:27 | HR FabiaN · wall_segment Palisade Wall x2 |
| 9:27 | HR FabiaN · wall_segment Palisade Wall x1 |
| 9:30 | Maverick_Taha · first_building Archery Range |
| 10:43 | HR FabiaN · wall_segment Palisade Wall x1 |
| 11:28 | HR FabiaN · first_building Barracks |
| 11:51 | HR FabiaN · wall_segment Palisade Wall x6 |
| 11:58 | HR FabiaN · wall_segment Palisade Wall x7 |
| 12:21 | HR FabiaN · wall_segment Palisade Wall x4 |
| 12:27 | HR FabiaN · wall_segment Palisade Wall x5 |
| 18:24 | Maverick_Taha · first_market_buy 100 food |
| 18:50 | HR FabiaN · wall_segment Stone Wall x1 |
| 22:45 | HR FabiaN · first_building Archery Range |
| 22:49 | Maverick_Taha · first_market_sell 100 wood |
| 22:57 | HR FabiaN · resign |
[ ANÁLISIS IA · 1 CRÉDITO ]
¿Qué pasó realmente en esta partida?
Wolo.gg analiza cada decisión: build order, eco, micro, errores típicos por bracket. Análisis personalizado por WhatsApp o Discord en 30 segundos.
Guía civ
Teutones
Perfil
Jugador #211236